Login

Lehigh Valley Phantoms vs Laval Rocket

Created - 09 April 2024 at 23:27

Goals
1 2 3 T
Lehigh Valley Phantoms 0 1 1 2
Laval Rocket 0 0 0 0
Shots
1 2 3 T
Lehigh Valley Phantoms 6 16 12 34
Laval Rocket 4 5 14 23

GoalsPenalties
1st period
No Goal
Lucas Condotta (LAV) for Holding (Minor) at 15:26
2nd period
1. Lehigh Valley Phantoms , Tanner Laczynski 2 (Tyson Foerster 19) at 18:32
Rhett Gardner (LEH) for Slashing (Double Minor) at 0:39
3rd period
2. Lehigh Valley Phantoms , Tanner Laczynski 3 (Tyson Foerster 20, Max Comtois 9) at 18:53
Lucas Condotta (LAV) for Roughing (Minor) at 2:28
Xavier Simoneau (LAV) for Boarding (Minor) at 11:45
Goalie Stats
Felix Sandstrom (LEH), 23 saves from 23 shots - (1.000), W, 3-4-2, 60:00 minutes
Joseph Vrbetic (LAV), 32 saves from 34 shots - (0.941), L, 0-4-1, 60:00 minutes
3 StarsOfficial
1 - Felix Sandstrom (LEH)
2 - Tanner Laczynski (LEH)
3 - Tyson Foerster (LEH)
Referees : Conor O'Donnell and Brett Roeland
Linesman : Brian Murphy and Ken Bonham
Game Note
Chris Wideman is injured at 3:25 of 1st period (Bruised Right Leg)
11:24 of 3rd period - Lehigh Valley Phantoms goal is going for a video replay. After video review, No Goal. The attacking player has interfered with a goalkeeper in his goal crease.
Finance
Level 1 -- Attendance: 1222 (61.10%) -- Ticket Income $52,546
Level 2 -- Attendance: 533 (53.30%) -- Ticket Income $12,259
Total Attendance: 1755 (58.50%)
Total Ticket Income: $64,805
Other Income: $31,754
Total Income: $96,559



Team Name Goals Shots Shots Attemp Shots Blocked PIM HIT PP PK FO%
Lehigh Valley Phantoms 23454104300 / 3 (0%)056%
Laval Rocket 0234776240 / 2 (0%)044%

Lehigh Valley Phantoms
Player Name POS G A P +/- PIM HIT SHT SB MP PP MP PP SHT PK MP PK SHT FO% FOT GA TA
Adam BrooksC0000000112:180:0001:23050% 600
Adam GinningD0001061022:543:1600:0700% 000
Austin RueschhoffLW0000030010:300:0000:0000% 000
Bobby BrinkC0000002111:040:0000:34050% 400
Cooper MarodyRW0000022012:010:0301:0500% 001
Elliot DesnoyersLW0000021214:522:4501:080100% 110
Helge GransD0000010019:302:4101:3100% 001
Jeremy GroleauD0001022217:200:0001:3600% 000
Malte StromwallRW0000021013:070:1701:3200% 001
Max ComtoisLW0112002019:593:0901:08050% 211
Nicolas DeslauriersLW0000052013:390:0001:0800% 000
Olle LycksellRW0000014015:222:4500:0000% 000
Rhett GardnerC0000423015:182:4500:00050% 800
Ronnie AttardD0001002123:223:1601:0400% 001
Tanner LaczynskiC2022014118:592:5800:00060% 1501
Tyson FoersterRW0222036018:513:0900:0000% 031
Victor MeteD0000002119:222:4101:4000% 011
Will ZmolekD0001000117:320:0002:0000% 000
Laval Rocket
Player Name POS G A P +/- PIM HIT SHT SB MP PP MP PP SHT PK MP PK SHT FO% FOT GA TA
Brady KeeperD000-1001018:090:5501:5700% 000
Chris WidemanD000000011:250:0000:0000% 000
Curtis McKenzieLW0000012117:581:3601:13038% 811
Emil HeinemanLW000-100019:390:4701:4500% 100
Jan MysakC000000001:090:2700:1000% 000
Juraj SlafkovskyLW000-1083019:591:3900:3700% 111
Justin BarronD000-1012023:001:3602:1700% 020
Lias AnderssonC0000030020:021:3303:020100% 300
Lucas CondottaLW0000431016:461:3301:0000% 001
Mattias NorlinderD0000000323:431:5203:3700% 001
Mitchell StephensC0000003015:130:0000:0000% 000
Nathan LegareRW000-1011117:100:4700:0000% 000
Nicolas BeaudinD000-1001023:091:2002:1800% 010
Owen BeckC000000005:540:4701:4500% 010
Tanner PearsonLW000-2022023:031:4202:22057% 701
Wayne SimmondsRW0000022015:441:3300:00060% 500
William TrudeauD000-1012026:041:4801:4500% 011
Xavier SimoneauC000-1223015:530:0000:00027% 1110

Lehigh Valley Phantoms

5 vs 5 Forward
Line #Left WingCenterRight WingPHYDFOFWanted %Time %Time Play
1Max ComtoisTanner LaczynskiTyson Foerster1223432%16:05
2Nicolas DeslauriersRhett GardnerOlle Lycksell1223025%12:34
3Elliot DesnoyersAdam BrooksMalte Stromwall1222022%10:55
4Austin RueschhoffBobby BrinkCooper Marody1221621%10:30
5 vs 5 Defense
Line #DefenseDefensePHYDFOFWanted %Time %Time Play
1Ronnie AttardAdam Ginning1224038%19:04
2Victor MeteHelge Grans1223531%15:33
3Jeremy GroleauWill Zmolek1222530%15:05
4Ronnie AttardAdam Ginning12201%0:22
Power Play Forward
Line #Left WingCenterRight WingPHYDFOFWanted %Time %Time Play
1Max ComtoisTanner LaczynskiTyson Foerster1226054%3:12
2Elliot DesnoyersRhett GardnerOlle Lycksell1224046%2:45
Power Play Defense
Line #DefenseDefensePHYDFOFWanted %Time %Time Play
1Ronnie AttardAdam Ginning1226055%3:16
2Victor MeteHelge Grans1224045%2:41
Penalty Kill 4 Players Forward
Line #CenterWingPHYDFOFWanted %Time %Time Play
1Adam BrooksMalte Stromwall1226072%2:51
2Elliot DesnoyersNicolas Deslauriers1224028%1:08
Penalty Kill 4 Players Defense
Line #DefenseDefensePHYDFOFWanted %Time %Time Play
1Jeremy GroleauWill Zmolek1226058%2:19
2Victor MeteHelge Grans1224042%1:40
Penalty Kill 3 Players
Line #WingPHYDFOFWanted %Time %Time PlayDefenseDefensePHYDFOFWanted %Time %Time Play
1Adam Brooks122600%0:00 Jeremy GroleauWill Zmolek122600%0:00
2Malte Stromwall122400%0:00 Victor MeteHelge Grans122400%0:00
4 vs 4 Forward
Line #CenterWingPHYDFOFWanted %Time %Time Play
1Tyson FoersterMax Comtois122600%0:00
2Elliot DesnoyersNicolas Deslauriers122400%0:00
4 vs 4 Defense
Line #DefensePHYDFOFWanted %Time %Time Play
1Ronnie AttardAdam Ginning122600%0:00
2Victor MeteHelge Grans122400%0:00
Last Minutes Offensive
Left WingCenterRight WingDefenseDefense
Max ComtoisTanner LaczynskiTyson FoersterRonnie AttardAdam Ginning
Last Minutes Defensive
Left WingCenterRight WingDefenseDefense
Nicolas DeslauriersTanner LaczynskiTyson FoersterRonnie AttardAdam Ginning
Time
Total ForwardTotal DefenseLast Minutes OffensiveLast Minutes Defensive
60:00 60:00 0:000:00
Extra Forwards
Normal PowerPlayPenalty Kill
Tanner Laczynski, Malte Stromwall, Cooper MarodyTanner Laczynski, Malte StromwallCooper Marody
Extra Defensemen
Normal PowerPlayPenalty Kill
Jeremy Groleau, Will Zmolek, Victor MeteJeremy Groleau, Will ZmolekVictor Mete
Penalty Shots
Tyson Foerster, Max Comtois, Elliot Desnoyers, Nicolas Deslauriers, Olle Lycksell
Goalie
Felix Sandstrom, Cal Petersen
Custom OT Lines Forwards
Tyson Foerster, Max Comtois, Elliot Desnoyers, Tanner Laczynski, Olle Lycksell, Rhett Gardner, Malte Stromwall, Cooper Marody, Austin Rueschhoff, Adam Brooks
Custom OT Lines Defensemen
Ronnie Attard, Adam Ginning, Victor Mete, Helge Grans, Jeremy Groleau
Scratches
Emil Andrae (Healthy), Andrei Bakanov (Healthy), Tag Bertuzzi (Healthy), Timur Ibragimov (Healthy), Brooklyn Kalmikov (Healthy) Mason Millman (Healthy), Logan Nijhoff (Healthy), Xavier Parent (Healthy), Zayde Wisdom (Healthy), Pavel Cajan (Healthy) Jack LaFontaine (Healthy)

Laval Rocket

5 vs 5 Forward
Line #Left WingCenterRight WingPHYDFOFWanted %Time %Time Play
1Nathan LegareXavier SimoneauTanner Pearson1223533%16:20
2Lucas CondottaWayne SimmondsLias Andersson1222525%12:26
3Juraj SlafkovskyCurtis McKenzieMitchell Stephens1222430%15:13
4Emil HeinemanTanner PearsonJuraj Slafkovsky1221612%6:05
5 vs 5 Defense
Line #DefenseDefensePHYDFOFWanted %Time %Time Play
1Chris WidemanMattias Norlinder1224045%22:29
2William TrudeauNicolas Beaudin1223022%10:57
3Brady KeeperJustin Barron1222014%7:11
4William TrudeauChris Wideman1221019%9:27
Power Play Forward
Line #Left WingCenterRight WingPHYDFOFWanted %Time %Time Play
1Curtis McKenzieJuraj SlafkovskyTanner Pearson1226053%2:06
2Wayne SimmondsLias AnderssonLucas Condotta1224047%1:53
Power Play Defense
Line #DefenseDefensePHYDFOFWanted %Time %Time Play
1Chris WidemanMattias Norlinder1226085%3:22
2William TrudeauNicolas Beaudin1224015%0:37
Penalty Kill 4 Players Forward
Line #CenterWingPHYDFOFWanted %Time %Time Play
1Lias AnderssonLucas Condotta1226090%5:20
2Juraj SlafkovskyTanner Pearson1224010%0:37
Penalty Kill 4 Players Defense
Line #DefenseDefensePHYDFOFWanted %Time %Time Play
1Mattias NorlinderChris Wideman1226073%4:22
2William TrudeauBrady Keeper1224027%1:35
Penalty Kill 3 Players
Line #WingPHYDFOFWanted %Time %Time PlayDefenseDefensePHYDFOFWanted %Time %Time Play
1Tanner Pearson122600%0:00 Chris WidemanMattias Norlinder122600%0:00
2Juraj Slafkovsky122400%0:00 William TrudeauNicolas Beaudin122400%0:00
4 vs 4 Forward
Line #CenterWingPHYDFOFWanted %Time %Time Play
1Juraj SlafkovskyTanner Pearson122600%0:00
2Lias AnderssonLucas Condotta122400%0:00
4 vs 4 Defense
Line #DefensePHYDFOFWanted %Time %Time Play
1Nicolas BeaudinChris Wideman122600%0:00
2William TrudeauMattias Norlinder122400%0:00
Last Minutes Offensive
Left WingCenterRight WingDefenseDefense
Lucas CondottaJuraj SlafkovskyTanner PearsonChris WidemanMattias Norlinder
Last Minutes Defensive
Left WingCenterRight WingDefenseDefense
Lucas CondottaJuraj SlafkovskyTanner PearsonChris WidemanMattias Norlinder
Time
Total ForwardTotal DefenseLast Minutes OffensiveLast Minutes Defensive
60:00 60:00 0:000:00
Extra Forwards
Normal PowerPlayPenalty Kill
Tanner Pearson, Lias Andersson, Juraj SlafkovskyLias Andersson, Tanner PearsonTanner Pearson
Extra Defensemen
Normal PowerPlayPenalty Kill
William Trudeau, Chris Wideman, Mattias NorlinderWilliam Trudeau, Nicolas BeaudinWilliam Trudeau
Penalty Shots
Tanner Pearson, Lias Andersson, Curtis McKenzie, Mitchell Stephens, Juraj Slafkovsky
Goalie
Joseph Vrbetic, Dylan Ferguson
Custom OT Lines Forwards
Lias Andersson, Curtis McKenzie, Mitchell Stephens, Nathan Legare, Juraj Slafkovsky, Tanner Pearson, Xavier Simoneau, Lucas Condotta, Wayne Simmonds, Emil Heineman
Custom OT Lines Defensemen
Chris Wideman, Nicolas Beaudin, William Trudeau, Brady Keeper, Mattias Norlinder
Scratches
Sean Farrell (Herniated Disc Injury), Filip Mesar (Healthy), Jayden Struble (Healthy), Evgeny Svechnikov (Bruised Left Foot Injury)


Play-by-Play

1st period


0:01 of 1st period - Max Comtois wins face-off versus Xavier Simoneau in neutral zone.
0:10 of 1st period - Snap shot by Max Comtois.
0:10 of 1st period - Shot Blocked by Chris Wideman.
1:13 of 1st period - Wrist shot by Xavier Simoneau.
1:13 of 1st period - Shot Misses the Net.
1:37 of 1st period - Backhand shot by Justin Barron.
1:37 of 1st period - Shot Blocked by Tanner Laczynski.
1:49 of 1st period - Tanner Laczynski is hit by Tanner Pearson and loses puck.
2:01 of 1st period - Tanner Laczynski is hit by Juraj Slafkovsky and loses puck.
2:14 of 1st period - Snap shot by Max Comtois.
2:14 of 1st period - Stopped by Joseph Vrbetic with a rebound.
3:01 of 1st period - Helge Grans is hit by Juraj Slafkovsky and loses puck.
3:08 of 1st period - Wrist shot by Juraj Slafkovsky.
3:08 of 1st period - Stopped by Felix Sandstrom without a rebound.
3:09 of 1st period - Xavier Simoneau wins face-off versus Rhett Gardner in Lehigh Valley Phantoms zone.
3:24 of 1st period - Chris Wideman is hit by Rhett Gardner and loses puck.
3:25 of 1st period - Chris Wideman from Laval Rocket is injured at 3:25 of 1st period (Bruised Right Leg).
3:26 of 1st period - Xavier Simoneau wins face-off versus Adam Brooks in Laval Rocket zone.
3:26 of 1st period - Xavier Simoneau is hit by Malte Stromwall.
3:34 of 1st period - Slapshot by Xavier Simoneau.
3:34 of 1st period - Stopped by Felix Sandstrom with a rebound.
3:40 of 1st period - Wrist shot by Tanner Pearson.
3:40 of 1st period - Shot Blocked by Jeremy Groleau.
4:01 of 1st period - Wrist shot by Nicolas Deslauriers.
4:01 of 1st period - Deflect By Rhett Gardner.
4:01 of 1st period - Stopped by Joseph Vrbetic with a rebound.
4:36 of 1st period - Ronnie Attard is hit by Justin Barron and loses puck.
4:58 of 1st period - Off-side.
4:59 of 1st period - Rhett Gardner wins face-off versus Tanner Pearson in neutral zone.
5:07 of 1st period - Victor Mete is hit by Juraj Slafkovsky and loses puck.
5:14 of 1st period - Wrist shot by Tanner Pearson.
5:14 of 1st period - Shot Misses the Net.
5:35 of 1st period - Wrist shot by Max Comtois.
5:35 of 1st period - Deflect By Tyson Foerster.
5:35 of 1st period - Deflect By Wayne Simmonds.
5:35 of 1st period - Stopped by Joseph Vrbetic with a rebound.
6:34 of 1st period - Snap shot by Olle Lycksell.
6:34 of 1st period - Deflect By Nicolas Deslauriers.
6:34 of 1st period - Shot Blocked by Mattias Norlinder.
6:34 of 1st period - Puck is out of play.
6:35 of 1st period - Wayne Simmonds wins face-off versus Tanner Laczynski in Laval Rocket zone.
6:44 of 1st period - Slapshot by Wayne Simmonds.
6:44 of 1st period - Stopped by Felix Sandstrom with a rebound.
7:27 of 1st period - Juraj Slafkovsky is hit by Adam Ginning and loses puck.
7:36 of 1st period - Snap shot by Elliot Desnoyers.
7:36 of 1st period - Stopped by Joseph Vrbetic without a rebound.
7:37 of 1st period - Tanner Laczynski wins face-off versus Xavier Simoneau in Laval Rocket zone.
8:08 of 1st period - Slapshot by Justin Barron.
8:08 of 1st period - Stopped by Felix Sandstrom without a rebound.
8:09 of 1st period - Elliot Desnoyers wins face-off versus Curtis McKenzie in Lehigh Valley Phantoms zone.
8:30 of 1st period - Adam Brooks is hit by Juraj Slafkovsky and loses puck.
8:41 of 1st period - Slapshot by Juraj Slafkovsky.
8:41 of 1st period - Shot Blocked by Elliot Desnoyers.
8:59 of 1st period - Snap shot by Malte Stromwall.
8:59 of 1st period - Shot Misses the Net.
9:01 of 1st period - Slapshot by Victor Mete.
9:01 of 1st period - Shot Misses the Net.
9:25 of 1st period - Wrist shot by Malte Stromwall.
9:25 of 1st period - Stopped by Joseph Vrbetic without a rebound.
9:26 of 1st period - Tanner Laczynski wins face-off versus Xavier Simoneau in Laval Rocket zone.
10:05 of 1st period - Rhett Gardner is hit by Lucas Condotta and loses puck.
10:10 of 1st period - Snap shot by Lucas Condotta.
10:10 of 1st period - Shot Misses the Net.
10:22 of 1st period - Nicolas Beaudin is hit by Austin Rueschhoff and loses puck.
12:00 of 1st period - Snap shot by Olle Lycksell.
12:00 of 1st period - Stopped by Joseph Vrbetic with a rebound.
13:04 of 1st period - Wayne Simmonds is hit by Nicolas Deslauriers and loses puck.
13:41 of 1st period - Nathan Legare is hit by Rhett Gardner and loses puck.
14:50 of 1st period - Mattias Norlinder is hit by Jeremy Groleau and loses puck.
14:56 of 1st period - Icing by Lucas Condotta.
14:57 of 1st period - Curtis McKenzie wins face-off versus Adam Brooks in Laval Rocket zone.
15:26 of 1st period - Minor Penalty to Lucas Condotta for Holding.
15:27 of 1st period - Lias Andersson wins face-off versus Tanner Laczynski in Laval Rocket zone.
15:42 of 1st period - Ronnie Attard is hit by Lias Andersson and loses puck.
15:55 of 1st period - Ronnie Attard is hit by Lias Andersson and loses puck.
17:26 of 1st period - Penalty to Lucas Condotta is over, Lucas Condotta is back on ice.
17:28 of 1st period - Curtis McKenzie is hit by Adam Ginning and loses puck.
18:13 of 1st period - Elliot Desnoyers is hit by Curtis McKenzie and loses puck.
Goals for this period are 0 for Lehigh Valley Phantoms vs 0 for Laval Rocket.
Shots for this period are 6 for Lehigh Valley Phantoms vs 4 for Laval Rocket.

2nd period


0:01 of 2nd period - Tanner Laczynski wins face-off versus Xavier Simoneau in neutral zone.
0:01 of 2nd period - Tanner Laczynski is hit by William Trudeau.
0:27 of 2nd period - Nicolas Beaudin is hit by Nicolas Deslauriers and loses puck.
0:39 of 2nd period - Double Minor Penalty to Rhett Gardner for Slashing.
0:40 of 2nd period - Adam Brooks wins face-off versus Juraj Slafkovsky in Lehigh Valley Phantoms zone.
1:14 of 2nd period - Snap shot by Lias Andersson.
1:14 of 2nd period - Shot Blocked by Jeremy Groleau.
1:16 of 2nd period - Wrist shot by Wayne Simmonds.
1:16 of 2nd period - Shot Blocked by Adam Brooks.
3:13 of 2nd period - Snap shot by Owen Beck.
3:13 of 2nd period - Shot Misses the Net.
4:39 of 2nd period - Penalty to Rhett Gardner is over, Rhett Gardner is back on ice.
5:01 of 2nd period - Owen Beck is hit by Tyson Foerster and loses puck.
5:26 of 2nd period - Wayne Simmonds is hit by Adam Ginning and loses puck.
6:14 of 2nd period - Owen Beck is hit by Cooper Marody and loses puck.
6:25 of 2nd period - Lias Andersson is hit by Malte Stromwall and loses puck.
6:42 of 2nd period - William Trudeau is hit by Olle Lycksell and loses puck.
6:51 of 2nd period - Wrist shot by Olle Lycksell.
6:51 of 2nd period - Stopped by Joseph Vrbetic without a rebound.
6:52 of 2nd period - Curtis McKenzie wins face-off versus Tanner Laczynski in Laval Rocket zone.
7:15 of 2nd period - Snap shot by Olle Lycksell.
7:15 of 2nd period - Stopped by Joseph Vrbetic with a rebound.
7:17 of 2nd period - Snap shot by Nicolas Deslauriers.
7:17 of 2nd period - Shot Hit the Post.
7:41 of 2nd period - Nicolas Deslauriers is hit by Juraj Slafkovsky and loses puck.
8:20 of 2nd period - Off-side.
8:21 of 2nd period - Wayne Simmonds wins face-off versus Bobby Brink in neutral zone.
10:37 of 2nd period - Slapshot by Victor Mete.
10:37 of 2nd period - Stopped by Joseph Vrbetic with a rebound.
10:42 of 2nd period - Icing by Tanner Pearson.
10:43 of 2nd period - Tanner Pearson wins face-off versus Tanner Laczynski in Laval Rocket zone.
10:50 of 2nd period - Adam Ginning is hit by Wayne Simmonds.
10:58 of 2nd period - Snap shot by Tanner Laczynski.
10:58 of 2nd period - Stopped by Joseph Vrbetic with a rebound.
11:15 of 2nd period - Tanner Pearson is hit by Nicolas Deslauriers and loses puck.
12:38 of 2nd period - Off-side.
12:39 of 2nd period - Bobby Brink wins face-off versus Curtis McKenzie in neutral zone.
12:42 of 2nd period - Snap shot by Jeremy Groleau.
12:42 of 2nd period - Stopped by Joseph Vrbetic with a rebound.
13:08 of 2nd period - Victor Mete is hit by Lucas Condotta and loses puck.
13:31 of 2nd period - Wrist shot by Tyson Foerster.
13:31 of 2nd period - Stopped by Joseph Vrbetic with a rebound.
14:07 of 2nd period - Snap shot by Lucas Condotta.
14:07 of 2nd period - Stopped by Felix Sandstrom with a rebound.
14:39 of 2nd period - Icing by Mattias Norlinder.
14:40 of 2nd period - Wayne Simmonds wins face-off versus Tanner Laczynski in Laval Rocket zone.
14:45 of 2nd period - Tanner Laczynski is hit by Lucas Condotta and loses puck.
15:00 of 2nd period - Slapshot by Adam Brooks.
15:00 of 2nd period - Shot Misses the Net.
15:02 of 2nd period - Snap shot by Adam Brooks.
15:02 of 2nd period - Shot Blocked by Nathan Legare.
15:54 of 2nd period - Lias Andersson is hit by Tanner Laczynski and loses puck.
16:09 of 2nd period - Brady Keeper is hit by Cooper Marody and loses puck.
16:14 of 2nd period - Snap shot by Bobby Brink.
16:14 of 2nd period - Stopped by Joseph Vrbetic with a rebound.
16:28 of 2nd period - Mattias Norlinder is hit by Nicolas Deslauriers and loses puck.
16:35 of 2nd period - Slapshot by Olle Lycksell.
16:35 of 2nd period - Shot Misses the Net.
16:37 of 2nd period - Slapshot by Ronnie Attard.
16:37 of 2nd period - Deflect By Tanner Pearson.
16:37 of 2nd period - Stopped by Joseph Vrbetic with a rebound.
16:39 of 2nd period - Snap shot by Nicolas Deslauriers.
16:39 of 2nd period - Stopped by Joseph Vrbetic with a rebound.
16:54 of 2nd period - Adam Brooks is hit by Xavier Simoneau and loses puck.
17:07 of 2nd period - Max Comtois is hit by Lias Andersson and loses puck.
17:26 of 2nd period - Snap shot by Lias Andersson.
17:26 of 2nd period - Shot Misses the Net.
17:28 of 2nd period - Snap shot by Curtis McKenzie.
17:28 of 2nd period - Stopped by Felix Sandstrom without a rebound.
17:29 of 2nd period - Bobby Brink wins face-off versus Curtis McKenzie in Lehigh Valley Phantoms zone.
17:40 of 2nd period - Wrist shot by Curtis McKenzie.
17:40 of 2nd period - Shot Misses the Net.
17:42 of 2nd period - Wrist shot by Juraj Slafkovsky.
17:42 of 2nd period - Shot Blocked by Bobby Brink.
17:44 of 2nd period - Wrist shot by Justin Barron.
17:44 of 2nd period - Stopped by Felix Sandstrom with a rebound.
17:50 of 2nd period - Justin Barron is hit by Austin Rueschhoff and loses puck.
18:05 of 2nd period - Snap shot by Cooper Marody.
18:05 of 2nd period - Stopped by Joseph Vrbetic with a rebound.
18:18 of 2nd period - Backhand shot by Cooper Marody.
18:18 of 2nd period - Stopped by Joseph Vrbetic without a rebound.
18:19 of 2nd period - Tanner Laczynski wins face-off versus Xavier Simoneau in Laval Rocket zone.
18:32 of 2nd period - Wrist shot by Tanner Laczynski.
18:32 of 2nd period - Goal by Tanner Laczynski - Lehigh Valley Phantoms : 1 - Laval Rocket : 0.
18:33 of 2nd period - Tanner Laczynski wins face-off versus Xavier Simoneau in neutral zone.
18:48 of 2nd period - Backhand shot by Xavier Simoneau.
18:48 of 2nd period - Stopped by Felix Sandstrom with a rebound.
19:03 of 2nd period - Snap shot by Tyson Foerster.
19:03 of 2nd period - Stopped by Joseph Vrbetic with a rebound.
19:05 of 2nd period - Wrist shot by Tyson Foerster.
19:05 of 2nd period - Stopped by Joseph Vrbetic with a rebound.
19:07 of 2nd period - Snap shot by Tyson Foerster.
19:07 of 2nd period - Shot Misses the Net.
19:09 of 2nd period - Slapshot by Victor Mete.
19:09 of 2nd period - Stopped by Joseph Vrbetic with a rebound.
19:11 of 2nd period - Slapshot by Victor Mete.
19:11 of 2nd period - Deflect By Tyson Foerster.
19:11 of 2nd period - Stopped by Joseph Vrbetic with a rebound.
19:34 of 2nd period - Tyson Foerster is hit by Juraj Slafkovsky and loses puck.
19:59 of 2nd period - Snap shot by Juraj Slafkovsky.
19:59 of 2nd period - Stopped by Felix Sandstrom without a rebound.
Goals for this period are 1 for Lehigh Valley Phantoms vs 0 for Laval Rocket.
Shots for this period are 16 for Lehigh Valley Phantoms vs 5 for Laval Rocket.

3rd period


0:01 of 3rd period - Rhett Gardner wins face-off versus Xavier Simoneau in neutral zone.
0:11 of 3rd period - Olle Lycksell is hit by Nathan Legare and loses puck.
0:56 of 3rd period - Icing by Nicolas Beaudin.
0:57 of 3rd period - Rhett Gardner wins face-off versus Curtis McKenzie in Laval Rocket zone.
1:10 of 3rd period - Snap shot by Olle Lycksell.
1:10 of 3rd period - Shot Misses the Net.
1:47 of 3rd period - Snap shot by Bobby Brink.
1:47 of 3rd period - Stopped by Joseph Vrbetic with a rebound.
1:55 of 3rd period - Snap shot by Wayne Simmonds.
1:55 of 3rd period - Stopped by Felix Sandstrom with a rebound.
1:57 of 3rd period - Wrist shot by Wayne Simmonds.
1:57 of 3rd period - Shot Misses the Net.
2:14 of 3rd period - Snap shot by Adam Brooks.
2:14 of 3rd period - Deflect By Justin Barron.
2:14 of 3rd period - Shot Misses the Net.
2:14 of 3rd period - Puck is out of play.
2:15 of 3rd period - Rhett Gardner wins face-off versus Wayne Simmonds in Laval Rocket zone.
2:26 of 3rd period - Slapshot by Olle Lycksell.
2:26 of 3rd period - Deflect By Nicolas Deslauriers.
2:26 of 3rd period - Stopped by Joseph Vrbetic with a rebound.
2:28 of 3rd period - Minor Penalty to Lucas Condotta for Roughing.
2:29 of 3rd period - Lias Andersson wins face-off versus Max Comtois in Laval Rocket zone.
2:29 of 3rd period - Lias Andersson is hit by Tyson Foerster.
4:28 of 3rd period - Penalty to Lucas Condotta is over, Lucas Condotta is back on ice.
4:29 of 3rd period - Nicolas Beaudin is hit by Adam Ginning.
4:33 of 3rd period - Cooper Marody is hit by Tanner Pearson and loses puck.
4:46 of 3rd period - Will Zmolek is hit by Juraj Slafkovsky and loses puck.
5:24 of 3rd period - Victor Mete is hit by Wayne Simmonds and loses puck.
6:33 of 3rd period - Xavier Simoneau is hit by Elliot Desnoyers and loses puck.
6:44 of 3rd period - Curtis McKenzie is hit by Nicolas Deslauriers and loses puck.
7:56 of 3rd period - Xavier Simoneau is hit by Austin Rueschhoff and loses puck.
9:03 of 3rd period - Tanner Pearson is hit by Elliot Desnoyers.
9:07 of 3rd period - Ronnie Attard is hit by Juraj Slafkovsky and loses puck.
9:36 of 3rd period - Mattias Norlinder is hit by Jeremy Groleau and loses puck.
10:11 of 3rd period - Snap shot by Curtis McKenzie.
10:11 of 3rd period - Stopped by Felix Sandstrom with a rebound.
10:13 of 3rd period - Snap shot by Curtis McKenzie.
10:13 of 3rd period - Shot Misses the Net.
10:15 of 3rd period - Slapshot by Brady Keeper.
10:15 of 3rd period - Stopped by Felix Sandstrom with a rebound.
10:17 of 3rd period - Snap shot by Lias Andersson.
10:17 of 3rd period - Shot Blocked by Victor Mete.
10:19 of 3rd period - Snap shot by Mitchell Stephens.
10:19 of 3rd period - Stopped by Felix Sandstrom without a rebound.
10:20 of 3rd period - Tanner Pearson wins face-off versus Adam Brooks in Lehigh Valley Phantoms zone.
10:25 of 3rd period - Wrist shot by Tanner Pearson.
10:25 of 3rd period - Stopped by Felix Sandstrom with a rebound.
10:30 of 3rd period - Off-side.
10:31 of 3rd period - Xavier Simoneau wins face-off versus Rhett Gardner in neutral zone.
10:34 of 3rd period - Slapshot by William Trudeau.
10:34 of 3rd period - Shot Hit the Post.
10:36 of 3rd period - Slapshot by Xavier Simoneau.
10:36 of 3rd period - Shot Blocked by Ronnie Attard.
10:38 of 3rd period - Snap shot by Xavier Simoneau.
10:38 of 3rd period - Shot Misses the Net.
10:40 of 3rd period - Snap shot by Nathan Legare.
10:40 of 3rd period - Stopped by Felix Sandstrom with a rebound.
10:42 of 3rd period - Snap shot by Nicolas Beaudin.
10:42 of 3rd period - Stopped by Felix Sandstrom without a rebound.
10:43 of 3rd period - Tanner Pearson wins face-off versus Rhett Gardner in Lehigh Valley Phantoms zone.
10:44 of 3rd period - Slapshot by Xavier Simoneau.
10:44 of 3rd period - Stopped by Felix Sandstrom with a rebound.
11:06 of 3rd period - Wrist shot by Juraj Slafkovsky.
11:06 of 3rd period - Stopped by Felix Sandstrom without a rebound.
11:07 of 3rd period - Tanner Laczynski wins face-off versus Curtis McKenzie in Lehigh Valley Phantoms zone.
11:20 of 3rd period - Snap shot by Max Comtois.
11:20 of 3rd period - Stopped by Joseph Vrbetic with a rebound.
11:22 of 3rd period - Slapshot by Helge Grans.
11:22 of 3rd period - Shot Blocked by Curtis McKenzie.
11:24 of 3rd period - Snap shot by Tanner Laczynski.
11:24 of 3rd period - Deflect By Justin Barron.
11:24 of 3rd period - Lehigh Valley Phantoms goal is going for a video replay.
11:24 of 3rd period - The goal is refused. The attacking player has interfered with a goalkeeper in his goal crease..
11:25 of 3rd period - Tanner Pearson wins face-off versus Rhett Gardner in Laval Rocket zone.
11:45 of 3rd period - Minor Penalty to Xavier Simoneau for Boarding.
11:46 of 3rd period - Lias Andersson wins face-off versus Tanner Laczynski in Laval Rocket zone.
13:45 of 3rd period - Penalty to Xavier Simoneau is over, Xavier Simoneau is back on ice.
14:02 of 3rd period - William Trudeau is hit by Helge Grans and loses puck.
14:37 of 3rd period - Icing by Nicolas Deslauriers.
14:38 of 3rd period - Tanner Laczynski wins face-off versus Wayne Simmonds in Lehigh Valley Phantoms zone.
14:53 of 3rd period - Bobby Brink is hit by Xavier Simoneau.
15:00 of 3rd period - Icing by Bobby Brink.
15:01 of 3rd period - Curtis McKenzie wins face-off versus Bobby Brink in Lehigh Valley Phantoms zone.
15:02 of 3rd period - Snap shot by Juraj Slafkovsky.
15:02 of 3rd period - Shot Misses the Net.
15:04 of 3rd period - Slapshot by Curtis McKenzie.
15:04 of 3rd period - Shot Misses the Net.
15:06 of 3rd period - Slapshot by William Trudeau.
15:06 of 3rd period - Stopped by Felix Sandstrom with a rebound.
15:08 of 3rd period - Snap shot by Curtis McKenzie.
15:08 of 3rd period - Shot Blocked by Will Zmolek.
15:10 of 3rd period - Slapshot by Mitchell Stephens.
15:10 of 3rd period - Stopped by Felix Sandstrom with a rebound.
15:12 of 3rd period - Slapshot by William Trudeau.
15:12 of 3rd period - Stopped by Felix Sandstrom with a rebound.
15:14 of 3rd period - Wrist shot by William Trudeau.
15:14 of 3rd period - Deflect By Mitchell Stephens.
15:14 of 3rd period - Stopped by Felix Sandstrom with a rebound.
15:16 of 3rd period - Backhand shot by Mattias Norlinder.
15:16 of 3rd period - Shot Misses the Net.
17:11 of 3rd period - Wrist shot by Max Comtois.
17:11 of 3rd period - Shot Misses the Net.
17:13 of 3rd period - Slapshot by Adam Ginning.
17:13 of 3rd period - Deflect By Tyson Foerster.
17:13 of 3rd period - Deflect By Lias Andersson.
17:13 of 3rd period - Shot Blocked by Mattias Norlinder.
17:13 of 3rd period - Puck is out of play.
17:14 of 3rd period - Adam Brooks wins face-off versus Tanner Pearson in Laval Rocket zone.
17:23 of 3rd period - Snap shot by Elliot Desnoyers.
17:23 of 3rd period - Shot Misses the Net.
17:28 of 3rd period - Wrist shot by Malte Stromwall.
17:28 of 3rd period - Deflect By Elliot Desnoyers.
17:28 of 3rd period - Shot Misses the Net.
17:28 of 3rd period - Puck is out of play.
17:29 of 3rd period - Tanner Laczynski wins face-off versus Xavier Simoneau in Laval Rocket zone.
17:30 of 3rd period - Wrist shot by Tyson Foerster.
17:30 of 3rd period - Stopped by Joseph Vrbetic with a rebound.
18:17 of 3rd period - Wrist shot by Olle Lycksell.
18:17 of 3rd period - Stopped by Joseph Vrbetic with a rebound.
18:19 of 3rd period - Slapshot by Jeremy Groleau.
18:19 of 3rd period - Shot Blocked by Mattias Norlinder.
18:21 of 3rd period - Wrist shot by Rhett Gardner.
18:21 of 3rd period - Stopped by Joseph Vrbetic with a rebound.
18:23 of 3rd period - Snap shot by Jeremy Groleau.
18:23 of 3rd period - Stopped by Joseph Vrbetic with a rebound.
18:25 of 3rd period - Snap shot by Rhett Gardner.
18:25 of 3rd period - Stopped by Joseph Vrbetic with a rebound.
18:35 of 3rd period - Snap shot by Tanner Pearson.
18:35 of 3rd period - Deflect By Juraj Slafkovsky.
18:35 of 3rd period - Shot Misses the Net.
18:35 of 3rd period - Puck is out of play.
18:36 of 3rd period - Tanner Laczynski wins face-off versus Tanner Pearson in Lehigh Valley Phantoms zone.
18:43 of 3rd period - Slapshot by Adam Ginning.
18:43 of 3rd period - Deflect By Justin Barron.
18:43 of 3rd period - Stopped by Joseph Vrbetic with a rebound.
18:45 of 3rd period - Slapshot by Ronnie Attard.
18:45 of 3rd period - Stopped by Joseph Vrbetic with a rebound.
18:47 of 3rd period - Snap shot by Ronnie Attard.
18:47 of 3rd period - Shot Blocked by Emil Heineman.
18:49 of 3rd period - Snap shot by Max Comtois.
18:49 of 3rd period - Shot Misses the Net.
18:51 of 3rd period - Wrist shot by Tyson Foerster.
18:51 of 3rd period - Shot Misses the Net.
18:53 of 3rd period - Wrist shot by Tanner Laczynski.
18:53 of 3rd period - Goal by Tanner Laczynski - Lehigh Valley Phantoms : 2 - Laval Rocket : 0.
18:54 of 3rd period - Adam Brooks wins face-off versus Emil Heineman in neutral zone.
18:57 of 3rd period - Justin Barron is hit by Adam Ginning and loses puck.
19:08 of 3rd period - Snap shot by Juraj Slafkovsky.
19:08 of 3rd period - Deflect By Tanner Pearson.
19:08 of 3rd period - Stopped by Felix Sandstrom with a rebound.
19:10 of 3rd period - Slapshot by Brady Keeper.
19:10 of 3rd period - Shot Blocked by Elliot Desnoyers.
19:24 of 3rd period - Brady Keeper is hit by Tyson Foerster and loses puck.
19:51 of 3rd period - Nathan Legare is hit by Adam Ginning and loses puck.
Goals for this period are 1 for Lehigh Valley Phantoms vs 0 for Laval Rocket.
Shots for this period are 12 for Lehigh Valley Phantoms vs 14 for Laval Rocket.